 Dungeon Crawl Stone Soup version 0.31-a0-675-g238779eb0a (webtiles) character file.

Game seed: 18325398125830735238

154 qw the Shooter (level 5, -1/32 HPs)
             Began as a Gargoyle Hunter on Sept 5, 2023.
             Slain by Duvessa
             ... wielding a +0 short sword
              (3 damage)
             ... on level 5 of the Dungeon.
             The game lasted 00:00:40 (1740 turns).

qw the Shooter (Gargoyle Hunter)                    Turns: 1740, Time: 00:00:40

Health: -1/32      AC:  7    Str: 15    XL:     5   Next: 35%
Magic:  5/5        EV: 11    Int:  9    God:
Gold:   206        SH:  0    Dex: 15    Spells: 4/4 levels left

rFire   . . .        Y - +0 shortbow
rCold   . . .        (shield currently unavailable)
rNeg    + . .        c - +0 leather armour
rPois   inf          (no helmet)
rElec   +            (no cloak)
rCorr   .            (no gloves)
SInv    .            (no boots)
Will    .....        (no amulet)
Stlth   ++           (no ring)
HPRegen 0.25/turn    (no ring)
MPRegen 0.09/turn

%: no passive effects
@: no status effects
A: sickness immunity, AC +4, negative energy resistance 1, electricity
resistance, torment resistance 1, petrification resistance
a: no special abilities


You were on level 5 of the Dungeon.
You visited 1 branch of the dungeon, and saw 5 of its levels.

You collected 206 gold pieces.


Innate Abilities, Weirdness & Mutations

You are immune to sickness and miasma.
Your stone body is resilient. (AC +4)
You are immune to poison.
You resist negative energy. (rN+)
You are resistant to electric shocks. (rElec)
You are resistant to unholy torment.
You are immune to petrification.


   Skills:
 + Level 3.0 Fighting
 - Level 6.1 Ranged Weapons
 - Level 1.5 Dodging
 - Level 1.1 Stealth


You had 4 spell levels left.
You didn't know any spells.
Your spell library was empty.

Inventory:

Hand Weapons
 Y - a +0 shortbow (weapon)
Armour
 b - the +0 cloak of the Distant Future {Will- rCorr Str+6 Slay-2}
   (You acquired it on level 2 of the Dungeon)

   Str+6:     It affects your strength (+6).
   Slay-2:    It affects your accuracy & damage with ranged weapons and melee
   (-2).
   Will-:     It decreases your willpower.
   rCorr:     It protects you from acid and corrosion.
 c - a +0 leather armour (worn)
Potions
 a - a potion of lignification {unknown}
 d - a potion of enlightenment {unknown}
 f - a potion of cancellation {unknown}

Dungeon Overview and Level Annotations

Branches:
Dungeon (6/15)
 Temple: D:4-7

Altars:

Annotations:
D:5 Dowan, Duvessa


Message History

You destroy the sleepcap!
Your Ranged Weapons skill increases to level 6!
You shoot an arrow. The arrow hits Duvessa.
Duvessa is lightly wounded.
Duvessa barely misses you.
You shoot an arrow. The arrow barely misses Duvessa.
The arrow misses Dowan.
Duvessa completely misses you.
You shoot an arrow.
The arrow hits Duvessa but does no damage.
Duvessa is lightly wounded.
Duvessa misses you.
You shoot an arrow. The arrow hits Duvessa!
Duvessa is moderately wounded.
Duvessa hits you with a +0 short sword. Duvessa closely misses you.
You shoot an arrow. The arrow hits Duvessa.
Duvessa is heavily wounded.
Dowan gestures wildly while chanting.
Dowan blinks!
Duvessa hits you but does no damage.
You shoot an arrow. The arrow closely misses Duvessa.
Duvessa barely misses you.
You shoot an arrow. The arrow hits Duvessa.
Duvessa is heavily wounded.
Duvessa hits you with a +0 short sword.
You shoot an arrow. The arrow barely misses Duvessa.
Dowan's robes are whipped around by a magical breeze.
Dowan gestures at Duvessa while chanting.
Duvessa seems to speed up.
Duvessa hits you with a +0 short sword!
You shoot an arrow. The arrow hits Duvessa.
Duvessa is severely wounded.
Duvessa hits you but does no damage. Duvessa says, "Did you see that move?
Perfect!"
Duvessa hits you with a +0 short sword!
You shoot an arrow. The arrow hits Duvessa.
Duvessa is severely wounded.
Duvessa hits you with a +0 short sword.
Dowan says, "Where the sword fails, magic succeeds!"
You shoot an arrow. The arrow barely misses Duvessa.
The arrow hits Dowan.
Dowan is moderately wounded.
Duvessa hits you with a +0 short sword.
You die...

# ######### #.
........#####
##.##. #........#
...#. #.....##.#
#..###.#..##.####
#....e..fe.)(..#
#
##.##e#####.##.#
#. #.##@# .# #.#
##.##........
#.##
##.##.....###.e
#.###.###.....#
... #....##
#....... .(..
##.####
#.....#.#.....
##...## #.....#.#
#.....# #####.# .
#....>#


You could see Duvessa (fast) and Dowan.

Vanquished Creatures
  A scorpion (D:5)
  A sleepcap (D:5)
  2 adders (D:2)
  A worm (D:2)
  A dart slug (D:2)
  An orc (D:5)
  3 bats (D:1)
  5 endoplasms
  A giant cockroach (D:2)
  5 goblins
  A hobgoblin (D:1)
  4 jackals (D:1)
  5 quokkas
  5 ball pythons
  6 frilled lizards (D:2)
  2 kobolds
  A rat (D:1)
45 creatures vanquished.

Notes
Turn   | Place    | Note
-------+----------+-------------------------------------------
     0 | D:1      | qw the Gargoyle Hunter began the quest for the Orb.
     0 | D:1      | Reached XP level 1. HP: 12/12 MP: 1/1
     0 | D:1      | 0 ||| qw: Version: 0.3-a-75-g829b12e
     0 | D:1      | 0 ||| qw: Game counter: 49
     0 | D:1      | 0 ||| qw: Melee chars always use a shield: true
     0 | D:1      | 0 ||| qw: God list: Okawaru
     0 | D:1      | 0 ||| qw: Allow faded altars: false
     0 | D:1      | 0 ||| qw: Do Orc after clearing Dungeon:15 true
     0 | D:1      | 0 ||| qw: Do second Lair branch before Depths: true
     0 | D:1      | 0 ||| qw: Lair rune preference: random
     0 | D:1      | 0 ||| qw: Goals: Normal
     0 | D:1      | 0 ||| PLANNING D:1-11
   209 | D:1      | Reached XP level 2. HP: 17/17 MP: 2/2
   615 | D:1      | Reached XP level 3. HP: 21/21 MP: 3/3
   780 | D:1      | 780 ||| READING scroll labelled YXINWA YGYVAOMN.
   781 | D:1      | 781 ||| READING scroll labelled APTANWA ULYB.
   782 | D:1      | 782 ||| DROPPING scroll of butterflies.
   809 | D:2      | Reached skill level 5 in Ranged Weapons
  1065 | D:2      | Reached skill level 3 in Fighting
  1242 | D:2      | Reached XP level 4. HP: 28/28 MP: 4/4
  1299 | D:2      | HP: 6/28 [worm (4)]
  1628 | D:2      | 1628 ||| READING scroll labelled AZELOR INOASHE.
  1628 | D:2      | Identified a scroll of acquirement
  1628 | D:2      | 1628 ||| ACQUIRING +0 cloak of the Distant Future {Will-
                  | rCorr Str+6 Slay-2}
  1628 | D:2      | Acquired the +0 cloak of the Distant Future {Will- rCorr
                  | Str+6 Slay-2}
  1660 | D:3      | You fall into a shaft and drop 3 floors!
  1673 | D:5      | Entered Level 5 of the Dungeon
  1697 | D:5      | Noticed a scorpion
  1699 | D:5      | Noticed Dowan
  1700 | D:5      | 1700 ||| RETREATING.
  1701 | D:5      | Noticed Duvessa
  1703 | D:5      | 1703 ||| RETREATING.
  1705 | D:5      | 1705 ||| Stepping ~*~*~tactically~*~*~ (retreating).
  1715 | D:5      | 1715 ||| Stepping ~*~*~tactically~*~*~ (retreating).
  1716 | D:5      | 1716 ||| Stepping ~*~*~tactically~*~*~ (retreating).
  1717 | D:5      | 1717 ||| Stepping ~*~*~tactically~*~*~ (retreating).
  1718 | D:5      | 1718 ||| Stepping ~*~*~tactically~*~*~ (retreating).
  1719 | D:5      | 1719 ||| Stepping ~*~*~tactically~*~*~ (retreating).
  1722 | D:5      | Killed a scorpion
  1723 | D:5      | Reached XP level 5. HP: 24/32 MP: 5/5
  1730 | D:5      | Reached skill level 6 in Ranged Weapons
  1738 | D:5      | HP: 6/32 [Duvessa/+0 short sword (7)]
  1739 | D:5      | HP: 2/32 [Duvessa/+0 short sword (4)]
  1740 | D:5      | Slain by Duvessa

Levels and vault maps discovered:
D:1:      wheals_arrival_shading, layout_basic
D:2:      layout_loops_ring, minmay_gold_behind_fungi, minmay_strange_pillars,
          minmay_lizard_pond
D:3:      layout_loops_cross, palyth_stone_intersect, serial_bayou_pond_d,
          nicolae_twisty_statue_hallways
D:5:      layout_loops_cross, ebering_ghost_disaster_area,
          serial_bayou_crossing, uniq_duvessa, uniq_sigmund, uniq_grinder
D:6:      minmay_bubble_buster, layout_basic, lemuel_coloured_pillars_altar

Skill      XL: |  1  2  3  4  5 |
---------------+----------------+-----
Ranged Weapons | 5 6 |  6.1
Fighting       | 3 |  3.0
Dodging        | |  1.5
Stealth        | |  1.1

Action                     |  1- 3 |  4- 6 || total
---------------------------+-------+-------++-------
   Fire: Shortbow          |   108 |    63 ||   171
    Use: Scroll            |     2 |     1 ||     3
 Armour: Leather armour    |    31 |    26 ||    57
  Dodge: Dodged            |    31 |    18 ||    49

Table legend:
 A = Non-vault XP
 B = Vault XP
 C = Vault XP percentage of total XP
 D = Non-vault monster count
 E = Vault monster count
 F = Vault count percentage of total count
                 A         B        C        D         E       F
            +---------+---------+-------+---------+---------+-------
      Total |     216 |       4 |   1.8 |      41 |       4 |   8.9
            +---------+---------+-------+---------+---------+-------
        D:1 |      34 |       0 |   0.0 |      20 |       0 |   0.0
        D:2 |      59 |       4 |   6.3 |      17 |       4 |  19.0
        D:3 |       1 |       0 |   0.0 |       1 |       0 |   0.0
        D:5 |     122 |       0 |   0.0 |       3 |       0 |   0.0
            +---------+---------+-------+---------+---------+-------
